Map: Orbital Shipyard

Players

LilDicky - Winner!

  • Race: Terran Terran
  • League: Diamond

aznkiller

  • Race: Zerg Zerg
  • League: Diamond

VOD

http://www.twitch.tv/tumescentpie

Description

Time

  • Played on: Dec. 24, 2015, 11:57 p.m.
  • Length: 5:53
Show
View Real Time Build Order
Export as new Build Order

LilDicky Terran - Winner!

Build Orders: Hellion Banshee 

Get SALT Encoding   

  12  0:02  SCV  
  13  0:14  SCV  
  13  0:19  Supply Depot  
  14  0:26  SCV  
  15  0:40  SCV  
  15  0:42  Barracks  
  16  0:49  Refinery  
  16  0:53  SCV  
  17  1:05  SCV  
  18  1:17  SCV  
  19  1:31  Marine  
  21  1:34  Supply Depot  
  21  1:35  Orbital Command  
  20  1:51  Command Center  
  20  1:53  Marine  
  21  2:04  Factory  
  21  2:06  SCV  
  22  2:11  Marine  
  23  2:18  SCV  
  24  2:29  Marine  
  25  2:30  SCV  
  26  2:40  Refinery  
  26  2:42  SCV  
  27  2:48  Factory Tech Lab, Starport  
  28  2:54  SCV  
  28  3:05  Barracks Reactor  
  28  3:06  Supply Depot  
  28  3:08  SCV  
  29  3:15  Orbital Command  
  29  3:22  Hellion  
  29  3:23  SCV  
  32  3:35  SCV  
  32  3:37  Banshee  
  32  3:40  Cloaking Field  
  36  3:49  SCV x2  
  36  3:52  Supply Depot  
  36  3:54  Hellion x2, Marine  
  43  4:01  SCV x2  
  43  4:02  Armory  
  45  4:13  SCV, Marine  
  45  4:15  Hellion x2  
  45  4:16  SCV  
  52  4:19  Supply Depot  
  52  4:24  Banshee  
  55  4:26  SCV  
  56  4:34  SCV  
  56  4:36  Hellion  
  59  4:42  Supply Depot, Marine  
  60  4:49  Hellion  
  62  4:53  SCV  
  62  4:54  SCV, Supply Depot  
  62  4:58  Hellion  
  62  4:59  Marine  
  67  5:15  Hellion  
  67  5:17  Marine  
  67  5:19  Hellion  
Show
View Real Time Build Order
Export as new Build Order

aznkiller Zerg 

Build Orders: Hatch First 

Get SALT Encoding   

  12  0:01  Drone  
  13  0:12  Overlord  
  13  0:17  Drone  
  14  0:30  Drone  
  14  0:31  Drone  
  16  0:39  Drone  
  17  0:48  Drone  
  18  0:57  Hatchery  
  17  1:05  Drone  
  18  1:15  Spawning Pool  
  17  1:19  Drone  
  17  1:23  Drone  
  19  1:30  Drone  
  20  1:32  Extractor  
  19  1:45  Drone  
  19  1:47  Extractor  
  19  1:51  Overlord  
  19  2:04  Queen  
  19  2:06  Drone  
  22  2:11  Drone  
  22  2:12  Queen  
  22  2:15  Zergling x2  
  26  2:21  Drone  
  27  2:27  Drone  
  28  2:36  Metabolic Boost  
  28  2:40  Queen  
  30  2:48  Overlord  
  30  2:49  Drone  
  30  2:50  Drone  
  32  2:52  Queen  
  32  2:55  Overlord  
  34  3:01  Zergling x2  
  34  3:03  Drone  
  36  3:13  Drone  
  36  3:15  Drone x5  
  42  3:21  Drone x3  
  42  3:22  Drone  
  46  3:27  Overlord  
  46  3:41  Drone x2  
  48  3:42  Queen  
  48  3:46  Extractor  
  48  3:48  Extractor  
  48  3:53  Drone x2  
  48  3:54  Drone x3, Extractor  
  52  4:09  Spore Crawler  
  51  4:11  Spore Crawler  
  51  4:16  Drone x2  
  51  4:17  Hatchery, Drone x3  
  54  4:24  Drone x2, Overlord  
  56  4:29  Drone x4  
  60  4:36  Lair  
  60  4:45  Overlord  
  60  4:51  Evolution Chamber  
  59  4:54  Evolution Chamber  
  58  5:02  Spore Crawler  
  58  5:03  Spore Crawler  
  58  5:06  Drone  
  58  5:07  Drone x3  
  60  5:25  Zergling x2  
  60  5:26  Zergling x16  
  69  5:34  Zergling x2  
Tags
 
Add a new tag
Caveats
  • Supply blocks, unpowered buildings, or Contaminate may cause inaccurate times.
  • Supply counts are checked every 10 seconds.